 Dungeon Crawl Stone Soup version 0.29-a0-998-g1987434951 (webtiles) character file.

Game seed: 9357189494001206595

2 Kinoniko the Trooper (level 1, -1/27 HPs)
             Began as a Demonspawn Berserker on Aug 5, 2022.
             Was a Follower of Trog.
             Frozen to death by an endoplasm (5 damage)
             ... on level 1 of the Dungeon.
             The game lasted 00:00:08 (76 turns).

Kinoniko the Trooper (Demonspawn Berserker)           Turns: 76, Time: 00:00:09

Health: -1/27      AC:  2    Str: 17    XL:     1   Next: 25%
Magic:  1/1        EV: 12    Int:  8    God:    Trog [*.....]
Gold:   9          SH:  0    Dex: 12    Spells: 0/0 levels left

rFire   . . .      SeeInvis .   a - +0 mace
rCold   . . .      Faith    .   (no shield)
rNeg    . . .      Spirit   .   b - +0 animal skin
rPois   .          Reflect  .   (no helmet)
rElec   .          Harm     .   (no cloak)
rCorr   .          Rampage  .   (no gloves)
Will    .....                   (no boots)
Stlth   ..........              (no amulet)
HPRegen 0.09/turn               (no ring)
MPRegen 0.07/turn               (no ring)

@: berserking, very quick
A: no striking features
a: Renounce Religion, Berserk


You were on level 1 of the Dungeon.
You worshipped Trog.
Trog was aware of your devotion.
You visited 1 branch of the dungeon, and saw 1 of its levels.

You collected 9 gold pieces.

Inventory:

Hand Weapons
 a - a +0 mace (weapon)
Armour
 b - a +0 animal skin (worn)
Scrolls
 d - a scroll of teleportation {unknown}
Potions
 c - a potion of brilliance {unknown}


   Skills:
 - Level 3.0 Fighting
 * Level 2.8 Maces & Flails
 - Level 1.7 Armour
 - Level 1.7 Dodging


You couldn't memorise any spells.
You didn't know any spells.
Your spell library was empty.

Dungeon Overview and Level Annotations

Branches:
Dungeon (1/15)

Altars:


Message History

You now have 9 gold pieces.
A goblin comes into view. It is wielding a +0 dagger.
The goblin shouts!
A goblin is nearby!
An endoplasm comes into view.
The goblin barely misses you.
A hobgoblin comes into view.
You hit the goblin.
The goblin is heavily wounded.
The goblin closely misses you. The endoplasm freezes you.
You are frozen.
The goblin hits you but does no damage.
You hit the goblin.
You kill the goblin!
Trog accepts your kill. The endoplasm hits you.
You hit the endoplasm.
The endoplasm is heavily wounded.
The hobgoblin hits you but does no damage.
The endoplasm closely misses you.
You hit the endoplasm.
The endoplasm is heavily wounded.
The hobgoblin closely misses you. The endoplasm hits you.
You barely miss the endoplasm.
The endoplasm is heavily wounded.
The hobgoblin hits you. The endoplasm closely misses you.
The hobgoblin misses you. The endoplasm freezes you.
You are frozen.
* * * LOW HITPOINT WARNING * * *
A red film seems to cover your vision as you go berserk!
You feel yourself moving faster!
You feel mighty! The hobgoblin barely misses you. The endoplasm hits you.
* * * LOW HITPOINT WARNING * * *
You sock the hobgoblin!
You kill the hobgoblin!
Trog accepts your kill. The endoplasm freezes you.
You are frozen.
You die...

#. #.
##.## ...#
###..##
....! #J)#
... ##.@#
...
##...##
...
#.....#
#.#
#.#...#
#.#
#.....#
#.#
##....#
##.###
#.#.##
.....#
#.#.#
.....#####
#.#.#


You could see an endoplasm.

Vanquished Creatures
  A goblin (D:1)
  A hobgoblin (D:1)
  A rat (D:1)
3 creatures vanquished.

Notes
Turn   | Place    | Note
-------+----------+-------------------------------------------
     0 | D:1      | Kinoniko the Demonspawn Berserker began the quest for the
                  | Orb.
     0 | D:1      | Reached XP level 1. HP: 18/18 MP: 1/1
    76 | D:1      | Frozen to death by an endoplasm

Illustrated notes

Levels and vault maps discovered:
D:1:      minmay_arrival_stair_chambers, layout_loops_ring, serial_park_tiny_1

Action                   || total
-------------------------++-------
Melee: Mace              ||     9
Invok: Berserk           ||     1
Armor: Animal skin       ||     2
Dodge: Dodged            ||     8

Table legend: (Time is in decaauts)
 A = Elapsed time spent in this place.
 B = Non-inter-level travel time spent in this place.
 C = Inter-level travel time spent in this place.
 D = Time resting spent in this place.
 E = Time spent auto-exploring this place.
 F = Levels seen in this place.
 G = Mean time per level.
                   A        B        C        D        E       F      G
               +--------+--------+--------+--------+--------+-----+--------+
         Total |     78 |     78 |      0 |      0 |     58 |   1 |   78.0 |
       Dungeon |     78 |     78 |      0 |      0 |     58 |   1 |   78.0 |
               +--------+--------+--------+--------+--------+-----+--------+

Top non-repeatable levels by time:
     D:1: 78 daAuts
